General information
- name: ghettooverlord P:| L:10
- type: Custom game
- host: ghettooverlord
- saver: Phranky
map: TwistedMeadows
- players: 7
- length: 23:27
- speed: Fast
- version: 1.24 W3XP
- replay type: Public
» download(127 KB)
Players
team 1 (winner)
Phranky (
green | 102 APM | 2437 actions | 23:51)
5 Archmage
3 Summon Water Elemental
2 Brilliance Aura
4 Mountain King
2 Storm Bolt
2 Thunder Clap
1 Firelord
1 Summon Lava Spawn
» actions
| Assign group hotkey | 86 | |
| Basic commands | 58 | |
| Build / train | 57 | |
| Enter build submenu | 31 | |
| Enter hero's abilities submenu | 11 | |
| Remove unit from queue | 1 | |
| Right click | 947 | |
| Select / deselect | 419 | |
| Select group hotkey | 672 | |
| Use ability | 155 | |
2437 total
» units
| Peasant | 12 | |
| Footman | 12 | |
| Sorceress | 4 | |
| Priest | 2 | |
| Spell Breaker | 5 | |
35 total
» upgrades
» buildings
| Altar of Kings | 1 | |
| Farm | 10 | |
| Barracks | 1 | |
| Scout Tower | 2 | |
| Arcane Tower | 2 | |
| Keep | 2 | |
| Arcane Vault | 1 | |
| Arcane Sanctum | 3 | |
| Castle | 1 | |
| Blacksmith | 1 | |
| Lumber Mill | 1 | |
| Town Hall | 2 | |
27 total
» build order
00:05 Altar of Kings
00:15 Farm
00:17 Barracks
00:47 Farm
02:03 Farm
03:19 Scout Tower
03:31 Farm
03:50 Arcane Tower
03:58 Keep
03:58 Keep
04:05 Scout Tower
04:32 Arcane Tower
05:00 Arcane Vault
06:26 Farm
06:26 Arcane Sanctum
07:33 Farm
08:34 Arcane Sanctum
08:41 Arcane Sanctum
12:19 Farm
12:20 Castle
13:34 Farm
13:36 Blacksmith
13:49 Lumber Mill
17:28 Town Hall
17:30 Town Hall
19:59 Farm
21:17 Farm
» items
| Scroll of Regeneration | 1 | |
| Lesser Clarity Potion | 1 | |
2 total
team 2 (loser)

»
wombat7373 (
red | 27 APM | 642 actions | 23:47)
2 Pandaren Brewmaster
1 Breath of Fire
1 Drunken Haze
» actions
| Assign group hotkey | 15 | |
| Basic commands | 14 | |
| Build / train | 42 | |
| Enter build submenu | 16 | |
| Enter hero's abilities submenu | 2 | |
| Remove unit from queue | 6 | |
| Right click | 219 | |
| Select / deselect | 146 | |
| Select group hotkey | 127 | |
| Use ability | 54 | |
642 total
» units
» upgrades
» buildings
| Altar of Storms | 1 | |
| Orc Burrow | 7 | |
| Voodoo Lounge | 1 | |
| Barracks | 1 | |
| Stronghold | 1 | |
| Beastiary | 1 | |
| Spirit Lodge | 1 | |
| War Mill | 1 | |
| Great Hall | 1 | |
15 total
» build order
00:07 Altar of Storms
00:12 Orc Burrow
00:54 Voodoo Lounge
01:34 Barracks
01:52 Orc Burrow
02:45 Orc Burrow
02:49 Orc Burrow
05:01 Stronghold
06:21 Orc Burrow
07:27 Orc Burrow
07:35 Beastiary
07:44 Spirit Lodge
08:08 War Mill
13:22 Great Hall
21:02 Orc Burrow
» items
| Lesser Clarity Potion | 2 | |
| Healing Salve | 2 | |
4 total
refereesghettooverlord,
DiEoxidE,
DaRkJaWs42,
Q-veta,
Asp_ Chat log
(00:00) Asp_: ST WORD
(00:15 / All) DaRkJaWs42: gg noob
(00:20 / All) DaRkJaWs42: cant count down from 5 huh?
(00:24 / All) DaRkJaWs42: U MUST BE TMK
(00:30 / All) wombat7373: huh?
(00:50 / All) Phranky: ffs
(00:54 / All) Phranky: my shiftkey fucked up
(00:55 / All) Phranky: lol
(01:01 / All) DaRkJaWs42: just FYI the biggest loser on the forums is PURE and h4x
(01:03 / All) DaRkJaWs42: for those that didnt know
(01:04 / All) Phranky: it's not working :(
(01:05 / All) DaRkJaWs42: that is all
(01:09 / All) wombat7373: what about kodos?
(01:14 / All) wombat7373: thoguht u hate him too
(01:18 / All) Asp_: kodos dodged the entire tournament
(01:19 / All) DaRkJaWs42: not too much anymore
(01:34 / All) DaRkJaWs42: yeah well
(01:39 / All) DaRkJaWs42: i thougth i was signing up for a 4s tourney
(01:43 / All) DaRkJaWs42: not solo for fucks sake
(05:11 / All) Phranky: :o
(05:15 / All) Asp_: HOLY SHIT GODDAMN BADASS SHIT FUCK DENY RIGHT THERE
(05:23 / All) Phranky: defi
(05:48 / All) Asp_: WHAT IS A TOWER DOING THERE
(09:46 / All) Q-veta: HANG IN THERE WOMBAT
(10:50 / All) wombat7373: so i was wondering
(10:58 / All) wombat7373: why my units were not rallying where i wanted
(11:07 / All) Phranky: no idea
(11:08 / All) Q-veta: jews did it
(11:09 / All) DaRkJaWs42: if they sense enemy
(11:11 / All) DaRkJaWs42: they go to them
(11:14 / All) ghettooverlord: i would complain on the battle.net forums
(11:27 / All) Asp_: the thing i love about the Bnet forums
(11:30 / All) wombat7373: i think it had something to do with a scout tower
(11:33 / All) DiEoxidE: you need an excuse wombat
(11:37 / All) Asp_: especially WC3GDF
(11:40 / All) wombat7373: in my fucking base
(11:40 / All) Asp_: is how heavily moderated they are
(11:42 / All) wombat7373: asshole
(11:47 / All) DaRkJaWs42: yet what
(11:52 / All) Phranky: I dont' know why I did it
(11:54 / All) Phranky: didn't do anything
(12:07 / All) DaRkJaWs42: hey mccain
(12:11 / All) DaRkJaWs42: you didnt finish your thought
(12:14 / All) DaRkJaWs42: fucking finish it now
(12:18 / All) Asp_: i did go check the chat
(12:20 / All) ghettooverlord: For more replays and Karune outbursts, please visit forums.battle.net.
(12:23 / All) Asp_: i am getting waiting for host
(12:27 / All) Phranky: I am too
(12:30 / All) Phranky: anthony
(12:34 / All) DaRkJaWs42: look
(12:39 / All) Asp_: oh lord
(12:39 / All) wombat7373: anthony you fucking suck
(12:43 / All) DaRkJaWs42: saying they are heavily moderated
(12:46 / All) Asp_: BECAUSE WHO WOULDN'T WANT TO RELIVE THIS MOMENT OVER AND OVER
(12:47 / All) Phranky: just in case ^^
(12:49 / All) DaRkJaWs42: is no goddamn reason
(12:52 / All) DaRkJaWs42: to lik ea forum
(12:58 / All) Asp_: wombat i have some shocking news
(13:04 / All) Asp_: you may be in a tough spot
(13:10 / All) wombat7373: i can still win flordia
(13:11 / All) DaRkJaWs42: FINISH IT NOW
(13:12 / All) DaRkJaWs42: YOU N00B
(13:13 / All) wombat7373: *florida
(13:13 / All) Q-veta: let's hope phranky dics
(13:18 / All) DiEoxidE: ^^
(13:21 / All) Phranky: i saved the game
(13:26 / All) Phranky: so we can start off from where we were
(13:26 / All) Asp_: holy fuck will you check the chat i am too lazy to type things again goddamn
(13:35 / All) Asp_: i am 73 years old i'm lucky my fingers still work
(13:43 / All) Phranky: wasn't me this tiem
(13:47 / All) DaRkJaWs42: gg
(13:47 / All) Q-veta: lol
(13:48 / All) DaRkJaWs42: GG
(13:49 / All) DaRkJaWs42: I DID IT
(13:53 / All) DaRkJaWs42: WHAT YOU N00BS GONNA DO
(13:55 / All) DaRkJaWs42: I'LL DO IT AGAIN
(13:55 / All) wombat7373: critical developments happened
(13:58 / All) wombat7373: since the last save
(14:09 / All) DiEoxidE: lol
(14:20 / All) wombat7373: NUTS!
(14:30 / All) Asp_: okay okay guys
(14:33 / All) Asp_: this game looks really close right now
(14:42 / All) Asp_: i think the best way to solve this is for each player to send a worker out to the middle
(14:43 / All) wombat7373: yeah stop fucking with my micro
(14:45 / All) Asp_: and then figh tto the death
(15:01 / All) Asp_: wombat you lost all your workers didn't you
(15:04 / All) ghettooverlord: The Peasant probably wins, although it depends on how long he's a Militia before it wears off.
(15:11 / All) Asp_: militia is banned from tournaments
(15:15 / All) wombat7373: lol
(15:18 / All) DiEoxidE: lol'
(15:22 / All) DaRkJaWs42: teleport in wombat TELEPORT IN
(15:23 / All) wombat7373: i bet phranky used some
(15:23 / All) DaRkJaWs42: DO IT
(15:28 / All) wombat7373: cheater
(15:34 / All) Asp_: whosyourdaddy
(15:40 / All) DaRkJaWs42: yay mass demos
(15:49 / All) DaRkJaWs42: yo so lets 4s
(15:55 / All) wombat7373: good thing i crept the island with my solo panda
(16:10 / All) Q-veta: i'll play
(16:17 / All) DaRkJaWs42: who else 4s/
(16:22 / All) Asp_: lol phranky revealing all the islands just in case
(16:39 / All) DaRkJaWs42: oops
(16:40 / All) DiEoxidE: he's over there!
(16:44 / All) DiEoxidE: look!
(16:46 / All) Asp_: worker battle
(16:47 / All) DiEoxidE: not that way!
(16:49 / All) wombat7373: !!!!
(16:50 / All) wombat7373: !!!
(16:50 / All) DiEoxidE: other way!
(16:56 / All) DaRkJaWs42: UR HERO!!!!!!!!!
(16:56 / All) Q-veta: peon wins hands down
(16:59 / All) DaRkJaWs42: DO IT!!!!!!!!!!!!!!!!!!!!!!
(17:03 / All) DiEoxidE: nono you're doing it all wrong phranky
(17:03 / All) Asp_: HOW IS THE PEASANT WINNING
(17:07 / All) wombat7373: its cuz he has the wood
(17:11 / All) Q-veta: peon is romanian worker while peasant is american worker
(17:13 / All) wombat7373: OMG FAG
(17:14 / All) DiEoxidE: the "other" that way
(17:17 / All) Asp_: OMG U GAY
(17:20 / All) Asp_: BANNED
(17:21 / All) wombat7373: so yeah
(17:26 / All) wombat7373: to quote clan iraq
(17:36 / All) Phranky: wombat
(17:39 / All) wombat7373: peons with lumber are like really tiny taurens
(17:40 / All) Phranky: are you really farm hiding?
(17:46 / All) DiEoxidE: he's winning
(17:47 / All) Asp_: so, absolutely useless?
(17:48 / All) DiEoxidE: stfu
(17:53 / All) Asp_: do they really attack slower with lumber?
(18:02 / All) DiEoxidE: :O
(18:09 / All) DaRkJaWs42: : N00B
(18:18 / All) wombat7373: jesus end it alreayd u fag
(18:18 / All) DiEoxidE: go wombat!
(18:18 / All) DaRkJaWs42: :00b
(18:25 / All) DiEoxidE: WOMBAT NUMBA ONES!
(18:26 / All) Phranky: WHERE IS YOUR BUIDLING?
(18:28 / All) Asp_: i dont think he's spotted the town hall yet
(18:34 / All) DiEoxidE: YOU MEAN HIS ARMY
(18:36 / All) DaRkJaWs42: rebuild peon plz
(18:38 / All) DaRkJaWs42: thanks wombat
(18:42 / All) DaRkJaWs42: mass peons
(18:47 / All) Asp_: oh right the army of wyvs
(18:48 / All) Asp_: dont tell him shh
(18:49 / All) wombat7373: oh alright
(18:59 / All) ghettooverlord: The sad thing is, if this game was Grubby vs. Moon, it would be topped on Replayers.
(19:05 / All) wombat7373: lol
(19:15 / All) DiEoxidE: and ROFW
(19:15 / All) Phranky: wombat
(19:19 / All) Phranky: what teh fux
(19:29 / All) wombat7373: how are u so bad at finding shit?
(19:39 / All) DiEoxidE: OMG
(19:51 / All) DiEoxidE: wombats on the attack!
(19:58 / All) DiEoxidE: you better watch out phranky
(20:01 / All) DiEoxidE: don't go that way!
(20:11 / All) Phranky: seriously, where are you?
(20:47 / All) wombat7373: somebody call for an exterminator?
(21:09 / All) DiEoxidE: GOGO WOMBAT
(21:17 / All) DiEoxidE: that peasant gettin fucked up
(21:22 / All) DaRkJaWs42: but
(21:25 / All) DaRkJaWs42: BUT AT THE LAST SECOND
(21:31 / All) DaRkJaWs42: WHATS GONIG TO HAPPEN
(21:35 / All) wombat7373: I DONT KNOW
(21:39 / All) wombat7373: THE SUSPENSE IS KILLING ME
(21:50 / All) DiEoxidE: OMG
(21:54 / All) DiEoxidE: PRETEAM
(22:12 / All) Phranky: well
(22:13 / All) Phranky: afk
(22:16 / All) wombat7373: ...
(22:17 / All) wombat7373: seriously
(22:19 / 4) DaRkJaWs42: HEY
(22:20 / All) wombat7373: make a fucking gyro
(22:20 / All) DiEoxidE: alt qq gives you free gold
(22:21 / All) Phranky: i can't find your shit
(22:22 / 4) DaRkJaWs42: right next to your base
(22:23 / All) Asp_: wombat
(22:24 / All) DiEoxidE: wombat
(22:25 / All) Asp_: just wait
(22:26 / 4) DaRkJaWs42: right next to it
(22:27 / All) Q-veta: you know wombat
(22:27 / 4) DaRkJaWs42: to the right
(22:28 / 4) DaRkJaWs42: go get it
(22:28 / All) Asp_: for phranky to crash or something
(22:31 / All) Q-veta: just attack with peons
(22:32 / All) Asp_: and then you'll get the win
(22:36 / All) DiEoxidE: LLOLOOLOL
(22:45 / All) DiEoxidE: i heard
(22:54 / All) Asp_: OH SHIT IT HAS BEEN FOUND
(22:57 / All) wombat7373: OMG
(23:01 / All) Q-veta: SHIT JUST GOT REAL
(23:02 / All) DiEoxidE: HAX!
(23:04 / All) wombat7373: GO BURROW
(23:05 / All) DaRkJaWs42: i told him where it was t.t
(23:07 / All) DaRkJaWs42: nothing going on
(23:10 / All) DiEoxidE: OH SHIT
(23:16 / All) Asp_: GET A PEON OUT
(23:22 / All) DiEoxidE: NOT IN MY NEIGHBORHOOD BITCH
(23:22 / All) DaRkJaWs42: REPAIR`
(23:23 / All) DaRkJaWs42: !
(23:25 / All) wombat7373: IM RACKING UP THE UNIT KILLS
(23:27 / All) Asp_: USE COMPUTER VIRUS
(23:34 / All) DaRkJaWs42: repair with ALL YOUR MIGHT
(23:35 / All) DiEoxidE: lol
(23:37 / All) DaRkJaWs42: IMMEDIATELY
(23:42 / All) ghettooverlord: For more replays and Karune outbursts, visit forums.battle.net.